 Dungeon Crawl Stone Soup version 0.27.0-1-g7a089689b8 (webtiles) character file.

Game seed: 5891318277471890289

112 mrzisme the Vexing (level 4, -1/21 HPs)
             Began as a Spriggan Enchanter on Aug 18, 2021.
             Slain by a hobgoblin (6 damage)
             ... led by Robin
             ... on level 2 of the Dungeon.
             The game lasted 00:25:20 (2508 turns).

mrzisme the Vexing (Spriggan Enchanter)             Turns: 2508, Time: 00:25:21

Health: -1/21      AC:  2    Str:  4    XL:     4   Next: 64%
Magic:  4/11       EV: 17    Int: 16    God:
Gold:   114        SH:  0    Dex: 16    Spells: 2/11 levels left

rFire    . . .     SeeInvis +   k - +0 dagger (vamp)
rCold    . . .     Faith    .   (shield restricted)
rNeg     . . .     Spirit   .   b - +0 robe
rPois    .         Reflect  .   (helmet restricted)
rElec    .         Harm     .   (no cloak)
rCorr    .         Rampage  .   (gloves unavailable)
Will     .....                  (boots unavailable)
Stlth    +++.......             (no amulet)
HPRegen  0.07/turn              (no ring)
MPRegen  0.12/turn              (no ring)

@: very quick
A: very small, no large weapons, unfitting armour, see invisible, speed 3
a: no special abilities


You were on level 2 of the Dungeon.
You visited 1 branch of the dungeon, and saw 2 of its levels.

You collected 114 gold pieces.

Inventory:

Hand Weapons
 f - a +1 dagger of protection
 g - a +1 dagger of electrocution
 k - a +0 vampiric dagger (weapon)
Armour
 b - a +0 robe (worn)
Scrolls
 a - a scroll of summoning {unknown}
 c - a scroll of immolation {unknown}
 d - a scroll of identify {unknown}
 h - a scroll of magic mapping {unknown}
 i - a scroll of fear {unknown}
Potions
 j - a potion of attraction {unknown}


   Skills:
 - Level 1.1 Short Blades
 - Level 2.7 Dodging
 - Level 4.4 Stealth
 + Level 4.1 Spellcasting
 * Level 5.8 Hexes


You had 2 spell levels left.
You knew the following spells:

 Your Spells              Type           Power      Damage    Failure   Level
a - Corona                Hex            23%        N/A       1%          1
b - Ensorcelled Hibernat  Hex/Ice        24%        N/A       8%          2
c - Confusing Touch       Hex            21%        N/A       4%          3
d - Tukima's Dance        Hex            21%        N/A       4%          3

Your spell library contained the following spells:

 Spells                   Type           Power      Damage    Failure   Level
 Dazzling Flash           Conj/Hex       24%        N/A       16%         3


Dungeon Overview and Level Annotations

Branches:
Dungeon (2/15)

Altars:

Annotations:
D:2 Robin


Innate Abilities, Weirdness & Mutations

You are very small and have problems with some larger weapons.
You are too small for most types of armour.
You have supernaturally acute eyesight. (SInv)
You cover ground extremely quickly. (Speed+++)


Message History

The hobgoblin looks drowsy...
Robin throws the goblin at you! The goblin closely misses you.
The hobgoblin shouts!
You hit the hobgoblin but do no damage. The hobgoblin hits you.
The goblin misses you.
Casting: Ensorcelled Hibernation (safe; 8% risk of failure)
Confirm with . or Enter, or press ? or * to list all spells.
Aiming: Ensorcelled Hibernation (safe; 8% risk of failure)
Press: ? - help, Shift-Dir - straight line, f/p - Robin
Aim: Robin, wielding a +0 short sword, wearing a +0 animal skin and wearing a +0 helmet (chance to affect: 51%)
The hobgoblin is unaffected.
The hobgoblin hits you. The goblin hits you with a +0 dagger.
* * * LOW HITPOINT WARNING * * *
It was a potion of curing.
You feel better. The hobgoblin misses you. The goblin misses you.
Casting: Ensorcelled Hibernation (safe; 8% risk of failure)
Confirm with . or Enter, or press ? or * to list all spells.
Aiming: Ensorcelled Hibernation (safe; 8% risk of failure)
Press: ? - help, Shift-Dir - straight line, f - you, p - Robin
Okay, then.
Unknown command.
You miss the goblin. The hobgoblin completely misses you.
Robin roars a battlecry!
The hobgoblin shouts!
You closely miss the goblin. The goblin hits you with a +0 dagger.
* * * LOW HITPOINT WARNING * * *
The hobgoblin closely misses you.
You hit the goblin but do no damage.
A goblin comes into view. It is wielding a +0 dagger.
The goblin closely misses you. The hobgoblin barely misses you.
You hit the goblin.
You feel better.
The goblin is severely wounded.
The goblin completely misses you. The hobgoblin misses you.
You hit the goblin but do no damage.
The goblin is severely wounded.
The goblin barely misses you. The hobgoblin completely misses you.
You hit the goblin but do no damage.
The goblin is severely wounded.
The goblin hits you but does no damage. The hobgoblin hits you.
You die...

#### #.#####.##.##
#)..# #
#....#..)[.......#
#...# ########
#......#.# #....#
#...#### ....#.#.#
#....# #...# #
..... ..# ######
##### # .## # ###
#


You could see Robin, 2 hobgoblins and 2 goblins.

Vanquished Creatures
  4 gnolls (D:2)
  An adder (D:2)
  A worm (D:2)
  2 dart slugs (D:1)
  6 bats
  4 endoplasms
  2 giant cockroaches
  6 goblins
  7 hobgoblins
  3 jackals (D:2)
  4 kobolds
  3 quokkas (D:1)
  5 ball pythons
  2 frilled lizards (D:1)
  3 rats (D:1)
53 creatures vanquished.

Notes
Turn   | Place    | Note
-------+----------+-------------------------------------------
     0 | D:1      | mrzisme the Spriggan Enchanter began the quest for the Orb.
     0 | D:1      | Reached XP level 1. HP: 9/9 MP: 5/5
   245 | D:1      | Reached skill level 4 in Hexes
   245 | D:1      | Reached XP level 2. HP: 6/13 MP: 5/7
   248 | D:1      | Learned a level 2 spell: Ensorcelled Hibernation
   472 | D:1      | Found a faded altar of an unknown god.
   473 | D:1      | Noticed a golden eye
   689 | D:1      | Noticed a golden eye
   692 | D:1      | Noticed a golden eye
   692 | D:1      | Noticed a floating eye
   969 | D:1      | Reached XP level 3. HP: 16/16 MP: 8/8
  1526 | D:2      | Reached skill level 5 in Hexes
  1979 | D:2      | Learned a level 3 spell: Confusing Touch
  2068 | D:2      | Noticed Robin
  2316 | D:2      | Reached XP level 4. HP: 21/21 MP: 6/10
  2476 | D:2      | Learned a level 3 spell: Tukima's Dance
  2508 | D:2      | Slain by a hobgoblin

Illustrated notes

Levels and vault maps discovered:
D:1:      dpeg_arrival_concentric_ovals, layout_loops_ring,
          hellmonk_ecumenical_altar_watching_god, grunt_decor_fettered,
          minmay_crystal_water
D:2:      layout_basic, minmay_misc_feat_encased, uniq_robin

Skill      XL: |  1  2  3  4 |
---------------+-------------+-----
Spellcasting   | 3 4 |  4.1
Hexes          | 4 5 |  5.8
Short Blades   | |  1.1
Dodging        | |  2.7
Stealth        | |  4.4

Action                   |  1- 3 |  4- 6 || total
-------------------------+-------+-------++-------
Melee: Dagger            |    84 |    26 ||   110
 Cast: Corona            |     5 |     1 ||     6
       Ensorcelled Hiber |    33 |     9 ||    42
  Use: Potion            |       |     1 ||     1
 Stab: Sleeping          |    31 |     4 ||    35
       Distracted        |     1 |       ||     1
Armor: Robe              |     9 |     4 ||    13
Dodge: Dodged            |    69 |    25 ||    94
